 Dungeon Crawl Stone Soup version 0.29-a0-330-g52719c12eb (webtiles) character file.

Game seed: 10710537296822702432

0 Paprika the Grave Robber (level 1, -1/13 HPs)
             Began as a Human Necromancer on May 18, 2022.
             Slain by an endoplasm (3 damage)
             ... on level 1 of the Dungeon.
             The game lasted 00:02:29 (87 turns).

Paprika the Grave Robber (Human Necromancer)          Turns: 87, Time: 00:02:30

Health: -1/13      AC:  2    Str:  8    XL:     1   Next: 11%
Magic:  3/3        EV: 12    Int: 15    God:
Gold:   14         SH:  0    Dex: 13    Spells: 3/4 levels left

rFire   . . .      SeeInvis .   (no weapon)
rCold   . . .      Faith    .   (no shield)
rNeg    . . .      Spirit   .   a - +0 robe
rPois   .          Reflect  .   (no helmet)
rElec   .          Harm     .   (no cloak)
rCorr   .          Rampage  .   (no gloves)
Will    .....                   (no boots)
Stlth   ++........              (no amulet)
HPRegen 0.04/turn               (no ring)
MPRegen 0.08/turn               (no ring)

@: no status effects
A: no striking features
a: no special abilities


You were on level 1 of the Dungeon.
You visited 1 branch of the dungeon, and saw 1 of its levels.

You collected 14 gold pieces.

Inventory:

Armour
 a - a +0 robe (worn)
Potions
 b - a potion of magic
 c - a potion of heal wounds {unknown}


   Skills:
 + Level 2.0 Dodging
 + Level 2.0 Stealth
 * Level 2.0 Spellcasting
 * Level 4.0 Necromancy


You had 3 spell levels left.
You knew the following spells:

 Your Spells              Type           Power      Damage    Failure   Level
a - Pain                  Necr           52%        1d6       4%          1

Your spell library contained the following spells:

 Spells                   Type           Power      Damage    Failure   Level
 Animate Skeleton         Necr           26%        N/A       4%          1
 Vampiric Draining        Necr           13%        2d6       13%         3
 Animate Dead             Necr           6%         N/A       38%         4
 Agony                    Necr           13%        N/A       75%         5


Dungeon Overview and Level Annotations

Branches:
Dungeon (1/15)

Altars:


Message History

Press: ? - help, Dir - move target, f - rat
Aim: a rat (about 44% to evade your hands)
You hit the rat.
You kill the rat!
Found a stone staircase leading down.
Found 14 gold pieces.
You now have 14 gold pieces.
Found an orange potion.
Found a scroll labelled GEZOLU KEAHOUCH and a leather armour.
Found a whip.
A kobold comes into view. It is wielding a +0 dagger.
An endoplasm comes into view.
c - an orange potion The endoplasm quivers.
Found an escape hatch in the floor.
The endoplasm barely misses you.
A kobold, a bat and a ball python come into view.
The endoplasm hits you.
You hit the endoplasm.
The endoplasm is lightly wounded.
The ball python hisses angrily.
The endoplasm hits you but does no damage.
You hit the endoplasm.
The endoplasm is moderately wounded.
The kobold shouts!
A rat comes into view.
The endoplasm hits you.
Unknown command.
You barely miss the endoplasm.
The endoplasm is moderately wounded.
The kobold hits you with a +0 dagger.
A kobold comes into view. It is wielding a +0 short sword.
The endoplasm freezes you.
You are frozen.
* * * LOW HITPOINT WARNING * * *
Unknown command.
There are monsters nearby!
The endoplasm barely misses you. The endoplasm attacks as you move away!
The endoplasm hits you.
You die...

#.. #.. .........K.[ #.#
##.. .......>.....##.#
##..#
......r.K..#?##.#####....
...)...... #.##.##.......
.b.......###.#......#+###
.........#......#####....
.......J##......#...#....
#....S.K@.......#.<.'..#.
.....##.........#...#....
................#####....
...........#....# ###'#
...............# #...
..#.............. #.8. .
#..........##... #...
#.......#...##..# ####
.........##..# ...


You could see an endoplasm, a bat, a ball python, a kobold and a rat.

Vanquished Creatures
  A rat (D:1)
1 creature vanquished.

Notes
Turn   | Place    | Note
-------+----------+-------------------------------------------
     0 | D:1      | Paprika the Human Necromancer began the quest for the Orb.
     0 | D:1      | Reached XP level 1. HP: 13/13 MP: 3/3
    87 | D:1      | Slain by an endoplasm

Illustrated notes

Levels and vault maps discovered:
D:1:      minmay_arrival_stair_chambers, layout_rooms,
          shapermc_ecumenical_altar_flowoftime

Action                   || total
-------------------------++-------
Melee: Unarmed           ||    10
Armor: Robe              ||     2
Dodge: Dodged            ||     8

Table legend: (Time is in decaauts)
 A = Elapsed time spent in this place.
 B = Non-inter-level travel time spent in this place.
 C = Inter-level travel time spent in this place.
 D = Time resting spent in this place.
 E = Time spent auto-exploring this place.
 F = Levels seen in this place.
 G = Mean time per level.
                   A        B        C        D        E       F      G
               +--------+--------+--------+--------+--------+-----+--------+
         Total |     87 |     87 |      0 |      0 |      0 |   1 |   87.0 |
       Dungeon |     87 |     87 |      0 |      0 |      0 |   1 |   87.0 |
               +--------+--------+--------+--------+--------+-----+--------+

Top non-repeatable levels by time:
     D:1: 87 daAuts
